 Dungeon Crawl Stone Soup version 0.24-a0-699-g5a66b1aa3b (webtiles) character file.

Game seed: 11775401119479594170, levelgen mode: deterministic

77 Newrome1105 the Shield-Bearer (level 4, -7/40 HPs)
             Began as a Hill Orc Fighter on Sept 29, 2019.
             Mangled by Sigmund
             ... wielding a +0 scythe
              (8 damage)
             ... on level 2 of the Dungeon.
             The game lasted 00:03:53 (1433 turns).

Newrome1105 the Shield-Bearer (Hill Orc Fighter)    Turns: 1433, Time: 00:03:53

Health: -7/40      AC:  7    Str: 19    XL:     4   Next: 33%
Magic:  4/4        EV:  7    Int:  8    God:
Gold:   90         SH:  9    Dex: 10    Spells: 3/3 levels left

rFire    . . .     SeeInvis .   a - +0 war axe
rCold    . . .     Gourm    .   c - +0 shield
rNeg     . . .     Faith    .   b - +0 scale mail
rPois    .         Spirit   .   (no helmet)
rElec    .         Reflect  .   (no cloak)
rCorr    .         Harm     .   (no gloves)
MR       .....                  (no boots)
Stlth    ..........             (no amulet)
HPRegen  0.13/turn              (no ring)
MPRegen  0.09/turn              (no ring)

@: no status effects
A: no striking features
a: no special abilities


You were on level 2 of the Dungeon.
You were hungry.

You visited 1 branch of the dungeon, and saw 3 of its levels.

You collected 90 gold pieces.

Inventory:

Hand Weapons
 a - a +0 war axe (weapon)
Armour
 b - a +0 scale mail (worn)
 c - a +0 shield (worn)
Wands
 o - a wand of flame (16)
Scrolls
 e - a scroll of enchant armour {unknown}
 h - a scroll of magic mapping {unknown}
 j - 3 scrolls of identify {unknown}
 m - a scroll of amnesia {unknown}
 n - a scroll of remove curse {unknown}
 p - a scroll of teleportation {unknown}
 q - a scroll of immolation {unknown}
Potions
 d - a potion of might
 g - a potion of berserk rage {unknown}
 i - 3 potions of curing {unknown}
 k - 3 potions of flight {unknown}
 l - 3 potions of mutation {unknown}
Comestibles
 f - 5 rations


   Skills:
 + Level 3.8 Fighting
 + Level 3.3 Axes
 + Level 4.0 Armour
 + Level 0.3 Dodging
 + Level 4.4 Shields


You had 3 spell levels left.
You didn't know any spells.
Your spell library was empty.

Dungeon Overview and Level Annotations

Branches:
Dungeon (3/15)

Altars:

Annotations:
D:2 Sigmund


Message History

Sigmund casts a spell at you. You resist with some effort.
Sigmund points at you and mumbles some strange words.
The puff of flame hits you!
* * * LOW HITPOINT WARNING * * *
You're too confused!
You're too confused to move!
You feel less confused.
Sigmund mumbles some strange words.
Sigmund flickers and vanishes!
Deactivating autopickup; reactivate with Ctrl-A.
Something hits you but does no damage. You block something's attack.
Something hits you.
* * * LOW HITPOINT WARNING * * *
Something hits you.
* * * LOW HITPOINT WARNING * * *
There is a stone staircase leading down here.
Something hits you!
You die...

#.......#
#.......#
#.......#
#.......#
###..###########
###..####.......
#.........#
#.........#
#....@....#
#.........#
#.........#
#####.###.# #..
..# #######


There were no monsters in sight!

Vanquished Creatures
  3 adders (D:2)
  3 dart slugs (D:2)
  2 leopard geckos
  2 giant cockroaches (D:1)
  4 goblins
  3 hobgoblins
  3 jackals (D:1)
  A quokka (D:2)
  6 bats
  2 frilled lizards (D:1)
  5 kobolds
  9 rats
43 creatures vanquished.

Notes
Turn   | Place    | Note
-------+----------+-------------------------------------------
     0 | D:1      | Newrome1105 the Hill Orc Fighter began the quest for the
                  | Orb.
     0 | D:1      | Reached XP level 1. HP: 19/19 MP: 1/1
    41 | D:1      | Reached XP level 2. HP: 22/27 MP: 2/2
   567 | D:1      | Reached XP level 3. HP: 33/33 MP: 3/3
  1003 | D:2      | Reached XP level 4. HP: 28/40 MP: 4/4
  1400 | D:2      | Noticed Sigmund
  1431 | D:2      | HP: 1/40 [something (3)]
  1433 | D:2      | Mangled by Sigmund

Levels and vault maps discovered:
D:1:      dpeg_arrival_pits, layout_loops_ring, minivault_27,
          minmay_misc_feat_square
D:2:      layout_basic, dk_noncrumbling_3, uniq_sigmund
D:3:      cheibrodos_pilgrimage, layout_loops_ring,
          lemuel_coloured_pillars_altar, first_ration

Skill      XL: |  1  2  3 |
---------------+----------+-----
Axes           | 3 |  3.3
Shields        | 4 |  4.4
Armour         | 4 |  4.0
Fighting       | |  3.8
Dodging        | |  0.3

Action                   |  1- 3 |  4- 6 || total
-------------------------+-------+-------++-------
Melee: War axe           |   109 |    27 ||   136
  Eat: Chunk             |       |     1 ||     1
Armor: Scale mail        |    67 |    19 ||    86
Dodge: Dodged            |    45 |    12 ||    57
Block: Shield            |    74 |    18 ||    92

Table legend:
 A = Non-vault XP
 B = Vault XP
 C = Vault XP percentage of total XP
 D = Non-vault monster count
 E = Vault monster count
 F = Vault count percentage of total count
                 A         B        C        D         E       F
            +---------+---------+-------+---------+---------+-------
      Total |     110 |       0 |   0.0 |      43 |       0 |   0.0
            +---------+---------+-------+---------+---------+-------
        D:1 |      39 |       0 |   0.0 |      25 |       0 |   0.0
        D:2 |      71 |       0 |   0.0 |      18 |       0 |   0.0
            +---------+---------+-------+---------+---------+-------
